Thundarrgh, chaotic female orcish Barbarian --- ----- --- |. ... .| |.------ -------------..-----.| |.|....| |...|....|..+..|......# |.|....| |...|....).....-...|.| |.-|------|....|------|......|.| |......|..|...|.|..|.?|..----|.| ..----.|..|-|--.|..|[.|.|....|.| |.|..-(-|--..{..-|-|..|.-.._.|.| |....|.+(*./.......-|--.|....|.. |.|-.-|---.----|--......|....|.| |.|..|.[.|....|.[|.-|----..-...| |.|..|)*)|.|..|=*|....|#.|...-.| |.|..|(.[|.(--|.)|.......|...|.| |.-|------..{.-------.-|------[| |q.o.......................i...- -------------------------------- Thundarrgh the Bandit Experience level: 6 Strength: 18/01 Dexterity: 17 Constitution: 18 Intelligence: 7 Wisdom: 6 Charisma: 6 Health: 0(66) Energy: 12(12) Def: 5 Gold: 214 Moves: 1856 Dungeon seed: tmik4L1gtPRWghp8 Game ID: Thundarrgh_1570930790 Your Inventory: Armor n - an uncursed very burnt +0 cloak of magic resistance (being worn) r - a cursed +0 pair of leather gloves (being worn) t - an uncursed +2 large shield u - an uncursed +0 orcish chain mail (being worn) z - an uncursed burnt +0 pair of low boots (being worn) Weapons a - an uncursed +2 elven dagger named +2 (in quiver) b - an uncursed +0 battle-axe (weapon in hands) c - an uncursed +0 orcish short sword q - 2 uncursed +0 daggers P - an uncursed +0 elven dagger Wands K - an uncursed wand of light named i (0:13) Potions J - an uncursed potion of object detection Q - an uncursed potion of booze Scrolls D - a cursed scroll of remove curse E - an uncursed scroll of teleportation Comestibles M - 2 uncursed food rations N - an uncursed slice of pizza U - an uncursed pancake Tools e - an uncursed magic lamp g - an uncursed +0 pick-axe j - an uncursed skeleton key o - an uncursed tin whistle p - an uncursed mirror v - an uncursed magic whistle Gems y - an uncursed amethyst stone named <( 3 F - 3 uncursed worthless pieces of yellowish brown glass G - an uncursed worthless piece of blue glass named <>. 4 5 6 7@* T - 3 uncursed worthless pieces of red glass V - an uncursed worthless piece of blue glass named <. 3> Coins $ - 214 gold pieces Spells and supernatural/magical abilities: Name Level Category Fail Memory O - create monster 2 clerical 100% 99% W - pray for help -- divine ? -- Your skills at the end: Fighting Skills bare handed combat [Basic] Weapon Skills dagger [Basic] axe [Basic] short sword [Basic] Spellcasting Skills Final Attributes: You had transgressed. You were poison resistant. You were magic-protected. You were hallucinating. You had infravision. You were fast. You were lucky. You are dead. Vanquished creatures: 3 watchmen 2 gnome kings 2 wood nymphs a mountain nymph 3 gnome lords 2 gnomish wizards 6 dwarves a monkey a werejackal 3 hobbits a large kobold a yellow mold a red mold 24 gnomes 2 foxes 5 sewer rats 3 bats a lichen 4 newts and a partridge in a pear tree 66 creatures vanquished. Voluntary challenges: You were an atheist. You used a wielded weapon 49 times, starting on turn 33. You read items or engraved 3 times, starting on turn 1562. You never genocided any monsters. You never polymorphed an object. You never changed form. You used no wishes. You never split a pudding. You never wrote Elbereth's name. You violated your moral code, losing 46 points of alignment, starting on turn 1476. You abstained from Elbereth's help. You werepermanently hallucinating. Dungeon overview: The Dungeons of Doom: levels 1 to 4 Level 1 a long staircase Level 2 Level 3 an altar to Crom stairs to The Gnomish Mines Level 4 The Gnomish Mines: levels 4 to 7 Level 4 stairs to The Dungeons of Doom Level 5 Level 6 Level 7 <- You were here some shops, a temple to Crom, some fountains, a sink History has recorded: On T:1 you entered the Dungeons of Doom to retrieve the Amulet of Yendor! On T:386 you reached level 3 of The Dungeons of Doom. On T:388 you advanced to experience level 2. On T:572 you reached level 4 of The Dungeons of Doom. On T:641 you reached level 1 of The Gnomish Mines. On T:667 you advanced to experience level 3. On T:673 you advanced to experience level 4. On T:913 you reached level 2 of The Gnomish Mines. On T:917 you advanced to experience level 5. On T:1207 you reached level 3 of The Gnomish Mines. On T:1233 you advanced to experience level 6. On T:1271 you reached level 4 of The Gnomish Mines. Score breakdown: Gold: 214 ( 7934 points) Experience: 6 levels (12456 points) Exploration: 7 levels ( 14.00%) (10497 points) Discoveries: 15 items ( 6.10%) ( 7407 points) Valuables value: (no points given unless you survive) Artifact value: 0 ( 0 points) Variety of kills: 19 monsters ( 4.99%) ( 6699 points) Turncount: 1856 turns ( 0 points) Survival: died (score multiplied by 80%) Total score: 35994 Latest messages: You are suddenly very feminine! The amulet disintegrates! You take off your large shield. You are now wielding your battle-axe. The door opens. You hear a gurgling noise. You see here 60 rocks. There are a few objects here. There are a few objects here. You see here 49 rocks. There are a few objects here. You are getting the munchies. You are already quivering your elven dagger named +2. There is an open door here. The small mimic zaps a wand of fire! The bolt of fire hits you! Your cloak smoulders further! You die... Final status: Goodbye Thundarrgh the Barbarian, killed by a bolt of fire... You died in The Gnomish Mines on dungeon level 7 with 35994 points, and 214 pieces of gold, after 1856 moves. You were level 6 with a maximum of 66 hit points when you died.